 Dungeon Crawl Stone Soup version 0.29.1-13-g9f3cf754e1 (webtiles) character file.

Game seed: 10769864908496914896

667 Vulpanium the Chopper (level 7, 0/60 HPs)
             Began as a Human Chaos Knight on Jan 21, 2023.
             Was a Plaything of Xom.
             Splashed by a jelly's acid (9 damage)
             ... on level 5 of the Dungeon.
             The game lasted 00:18:34 (5712 turns).

Vulpanium the Chopper (Human Chaos Knight)          Turns: 5712, Time: 00:18:36

Health: 0/60       AC:  0    Str: 14      XL:     7   Next: 88%
Magic:  7/7        EV:  2    Int: 10 (12) God:    Xom [*.....]
Gold:   191        SH: 13    Dex: 13      Spells: 6/6 levels left

rFire   + . .      SeeInvis .   a - +0 hand axe (chaos)
rCold   . . .      Faith    .   l - +0 kite shield
rNeg    . . .      Spirit   .   o - +0 plate armour {rPois}
rPois   +          Reflect  +   (no helmet)
rElec   .          Harm     .   b - +0 cloak
rCorr   .          Rampage  .   (no gloves)
Will    .....                   (no boots)
Stlth   ..........              g - amulet of reflection
HPRegen 0.20/turn               h - ring of flight
MPRegen 0.10/turn               k - ring of protection from fire

@: corroded, flying
A: deterioration 1, robust 1
a: Renounce Religion


You were on level 5 of the Dungeon.
You worshipped Xom.
You were a special plaything of Xom.
You visited 1 branch of the dungeon, and saw 5 of its levels.

You collected 227 gold pieces.
You spent 36 gold pieces at shops.

Inventory:

Hand Weapons
 a - a +0 hand axe of chaos (weapon)
Missiles
 e - 3 silver boomerangs
Armour
 b - a +0 cloak (worn)
 j - a +0 tower shield
 l - a +0 kite shield (worn)
 o - a +0 plate armour of poison resistance (worn)
Jewellery
 g - an amulet of reflection (around neck)
 h - a ring of flight (left hand)
 k - a ring of protection from fire (right hand)
 r - an amulet of faith
 s - a ring of wizardry
 t - a ring of magical power
Wands
 q - a wand of paralysis (14)
Scrolls
 d - 3 scrolls of identify
 i - 2 scrolls of teleportation
 n - a scroll of vulnerability
 p - a scroll of poison
Potions
 f - a potion of haste
Miscellaneous
 c - a piece from Xom's chessboard (15/15) (quivered)


   Skills:
 + Level 4.4 Fighting
 + Level 5.8 Axes
 + Level 3.8 Armour
 + Level 1.8 Dodging
 - Level 0.1 Stealth
 + Level 3.3 Shields


You had 6 spell levels left.
You didn't know any spells.
Your spell library was empty.

Dungeon Overview and Level Annotations

Branches:
Dungeon (5/15)
 Temple: D:4-7

Altars:
Gozag

Shops:
D:3 !


Innate Abilities, Weirdness & Mutations

Your body sometimes deteriorates upon taking damage.
You are robust. (+10% HP)


Message History

t - a ring of magical power
There are no items here.
You see here a +0 dagger.
Found a stone staircase leading down.
Found 5 poisoned darts.
There is a stone staircase leading down here.
You reach down and open the door.
There is an open door here.
A jelly comes into view.
The jelly quivers.
The jelly hits you.
You are splashed with acid!
Your body deteriorates!
You feel dopey.
You hit the jelly. You burn the jelly.
Your hands burn!
The jelly is moderately wounded.
You block the jelly's attack. The jelly hits you but does no damage.
You hit the jelly but do no damage.
The jelly goes berserk!
The acid corrodes you!
Your hands burn!
The jelly is moderately wounded.
The jelly hits you but does no damage. x2
You hit the jelly.
The jelly resists with some effort.
Your hands burn!
The jelly is heavily wounded.
The jelly hits you but does no damage.
You completely miss the jelly.
The jelly is moderately wounded.
The jelly hits you. The acid corrodes you!
You are splashed with acid!
The jelly hits you.
You are splashed with acid!
* * * LOW HITPOINT WARNING * * *
You hit the jelly.
Your hands burn!
* * * LOW HITPOINT WARNING * * *
The jelly is heavily wounded.
The jelly hits you but does no damage. x2
You feel better. You block the jelly's attack.
You hit the jelly. The acid corrodes you!
Your hands burn!
* * * LOW HITPOINT WARNING * * *
The jelly is heavily wounded.
The jelly hits you.
* * * LOW HITPOINT WARNING * * *
You are splashed with acid!
You die...
Xom chuckles heartily!

####'###
#.........†
#......#
#.........#
#......#
#....).....
#......#
#.........#
#......#
#.........#
#......#
#.........#
####.###
#.........#
#.#
###########
#@# #J# ...
.....
.......
#........
#........#
#........#


You could see a jelly (berserk).

Vanquished Creatures
  Sigmund (D:4)
  A black bear (D:4)
  An ogre (D:4)
  A hound (D:4)
  3 orc priests
  An iguana (D:5)
  Jessica (D:2)
  An orc wizard (D:3)
  A gnoll (D:4)
  2 adders
  A white imp (D:4)
  3 worms
  2 dart slugs (D:3)
  10 orcs
  2 endoplasms
  4 giant cockroaches
  5 goblins
  8 hobgoblins
  4 jackals (D:3)
  2 quokkas
  6 ball pythons
  2 bats
  5 frilled lizards
  9 kobolds
  4 rats
80 creatures vanquished.

Notes
Turn   | Place    | Note
-------+----------+-------------------------------------------
     0 | D:1      | Vulpanium the Human Chaos Knight began the quest for the
                  | Orb.
     0 | D:1      | Reached XP level 1. HP: 18/18 MP: 1/1
   172 | D:1      | XOM: silly message
   178 | D:1      | Reached XP level 2. HP: 24/24 MP: 2/2
   591 | D:1      | XOM: divination: detect creatures
   739 | D:1      | Found a faded altar of an unknown god.
   957 | D:2      | Reached XP level 3. HP: 28/29 MP: 3/3
  1360 | D:2      | XOM: silly message
  1386 | D:2      | Noticed Jessica
  1399 | D:2      | Killed Jessica
  1400 | D:2      | Reached XP level 4. HP: 24/37 MP: 4/4
  1526 | D:2      | Gained mutation: Your body sometimes deteriorates upon
                  | taking damage. [potion of mutation]
  1526 | D:2      | Gained mutation: You are robust. (+10% HP) [potion of
                  | mutation]
  1862 | D:2      | Reached skill level 4 in Axes
  2075 | D:3      | XOM: divination: detect creatures
  2126 | D:3      | XOM: divination: detect items
  2203 | D:3      | Reached skill level 1 in Shields
  2203 | D:3      | Reached XP level 5. HP: 33/46 MP: 5/5
  2209 | D:3      | XOM: divination: detect items
  2294 | D:3      | XOM: divination: detect creatures
  2523 | D:3      | Found Piyca's Distillery.
  2528 | D:3      | Bought a potion of curing for 36 gold pieces
  3002 | D:3      | XOM: cloud trail
  3023 | D:3      | XOM: silly message
  3039 | D:3      | XOM: god gift: scroll of teleportation
  3634 | D:4      | Reached XP level 6. HP: 29/52 MP: 6/6
  3853 | D:4      | XOM: divination: magic mapping
  3941 | D:4      | Noticed Sigmund
  3943 | D:4      | XOM: silly message
  3943 | D:4      | Noticed a black bear
  3950 | D:4      | Killed a black bear
  3991 | D:4      | Killed Sigmund
  3992 | D:4      | Reached skill level 5 in Axes
  3992 | D:4      | Reached XP level 7. HP: 45/59 MP: 7/7
  4139 | D:4      | XOM: potion effect (invisibility)
  4511 | D:4      | XOM: cloud trail
  4883 | D:4      | Found an opulent altar of Gozag.
  5481 | D:5      | Entered Level 5 of the Dungeon
  5712 | D:5      | Splashed by a jelly's acid

Illustrated notes

Levels and vault maps discovered:
D:1:      psy_arrival_radial02, layout_loops_ring,
          shapermc_ecumenical_altar_mp_highgroup, fountainhead,
          due_unseen_surprise
D:2:      layout_rooms, grunt_ministairs_1, kennysheep_jessica_study
D:3:      layout_basic, serial_shops, shop
D:4:      layout_loops_ring, kennysheep_mini, minmay_box_of_dots, uniq_sigmund
D:5:      layout_basic, grunt_decor_resistance, corexii_checkpoint_b,
          corexii_corridor_pit, hangedman_decor_growths, uniq_prince_ribbit1,
          uniq_grinder, uniq_ijyb

Skill      XL: |  1  2  3  4  5  6  7 |
---------------+----------------------+-----
Axes           | 4 5 |  5.8
Shields        | 1 2 3 |  3.3
Fighting       | 4 |  4.4
Armour         | 3 |  3.8
Dodging        | |  1.8
Stealth        | |  0.1

Action                   |  1- 3 |  4- 6 |  7- 9 || total
-------------------------+-------+-------+-------++-------
Melee: Hand axe          |    67 |   150 |    73 ||   290
Evoke: Piece from Xom's  |       |     3 |     1 ||     4
  Use: Scroll            |     4 |     1 |       ||     5
       Potion            |     2 |     4 |     1 ||     7
 Stab: Invisible         |       |       |     1 ||     1
Armor: Leather armour    |    25 |       |       ||    25
       Chain mail        |     1 |    54 |       ||    55
       Plate armour      |       |    16 |    30 ||    46
Dodge: Dodged            |    34 |    17 |     6 ||    57
Block: Other             |    14 |    20 |       ||    34
       Reflection        |       |     5 |       ||     5
       Kite shield       |       |    39 |    44 ||    83
